 Dungeon Crawl Stone Soup version 0.30-a0-176-gdd20fb75b6 (webtiles) character file.

Game seed: 16903996052335433554

299 BlueGoblin the Shooter (level 6, -1/47 HPs)
             Began as a Demonspawn Hunter on Oct 2, 2022.
             Slain by Pikel
             ... wielding a +2 whip of freezing
              (4 damage)
             ... on level 4 of the Dungeon.
             The game lasted 00:06:52 (2546 turns).

BlueGoblin the Shooter (Demonspawn Hunter)          Turns: 2546, Time: 00:06:53

Health: -1/47      AC:  5    Str: 12    XL:     6   Next: 13%
Magic:  6/6        EV: 12    Int: 10    God:
Gold:   202        SH:  0    Dex: 18    Spells: 5/5 levels left

rFire   + . .      SeeInvis .    a - +0 shortbow
rCold   . . .      Faith    .    (shield currently unavailable)
rNeg    . . .      Spirit   .    c - +0 leather armour
rPois   .          Reflect  .    (no helmet)
rElec   .          Harm     .    i - +0 cloak
rCorr   .          Rampage  .    (no gloves)
Will    .....                    l - +0 pair of boots
Stlth   ++........               (no amulet)
HPRegen 0.27/turn                e - ring of protection from fire
MPRegen 0.10/turn                (no ring)

@: weak-willed, invisible
A: hooves 2, demonic guardian 1, sturdy frame 1
a: no special abilities


You were on level 4 of the Dungeon.
You visited 1 branch of the dungeon, and saw 4 of its levels.

You collected 202 gold pieces.

Inventory:

Hand Weapons
 a - a +0 shortbow (weapon)
 h - a +0 dagger
Armour
 c - a +0 leather armour (worn)
 i - a +0 cloak (worn)
 l - a +0 pair of boots (worn)
Jewellery
 e - a ring of protection from fire (left hand)
Scrolls
 f - a scroll of fog
 m - 3 scrolls of identify
Potions
 d - 2 potions of brilliance
 g - a potion of invisibility
 k - a potion of heal wounds {unknown}
 n - a potion of cancellation {unknown}
 o - a potion of mutation {unknown}
 p - a potion of flight {unknown}


   Skills:
 + Level 3.2 Fighting
 + Level 6.0 Ranged Weapons
 + Level 1.2 Armour
 + Level 2.1 Dodging
 - Level 0.8 Stealth


You had 5 spell levels left.
You didn't know any spells.
Your spell library contained the following spells:

 Spells                   Type           Power      Damage    Failure   Level
 Ozocubu's Armour         Ice            0%         N/A       75%         3
 Portal Projectile        Hex/Tloc       0%         N/A       75%         3
 Tukima's Dance           Hex            0%         N/A       75%         3
 Blade Hands              Tmut           0%         N/A       100%        5
 Ozocubu's Refrigeration  Ice            0%         4d7       100%        7


Dungeon Overview and Level Annotations

Branches:
Dungeon (4/15)
 Temple: D:4-7

Altars:
Cheibriados
Qazlal

Shops:
D:3 *

Annotations:
D:4 Pikel


Innate Abilities, Weirdness & Mutations

You have hoof-like feet.
A weak demonic guardian rushes to your aid.
Your movements are slightly less encumbered by armour. (ER -2)


Message History

The arrow hits Pikel but does no damage.
Pikel barely misses you.
Unknown command.
Fire: a) +0 shortbow
Press: ? - help, Shift-Dir - straight line, f/p - Pikel
Aim: Pikel, wielding a +2 whip of freezing and wearing a +0 robe (weak-willed, 59% to hit)
You shoot an arrow. The arrow barely misses Pikel.
The arrow hits the lemure but does no damage.
Pikel hits you with a +2 whip of freezing.
Pikel freezes you.
Unknown command.
Fire: a) +0 shortbow
Press: ? - help, Shift-Dir - straight line, f/p - Pikel
Aim: Pikel, wielding a +2 whip of freezing and wearing a +0 robe (weak-willed, 59% to hit)
You shoot an arrow. The arrow hits Pikel!
Pikel is moderately wounded.
Pikel closely misses you.
Unknown command.
Fire: a) +0 shortbow
Press: ? - help, Shift-Dir - straight line, f/p - Pikel
Aim: Pikel, wielding a +2 whip of freezing and wearing a +0 robe (moderately wounded, weak-willed, 59% to hit)
You shoot an arrow. The arrow hits Pikel!
Pikel is heavily wounded.
Pikel hits you with a +2 whip of freezing.
Pikel freezes you.
Unknown command.
Fire: a) +0 shortbow
Press: ? - help, Shift-Dir - straight line, f/p - Pikel
Aim: Pikel, wielding a +2 whip of freezing and wearing a +0 robe (heavily wounded, weak-willed, 59% to hit)
You shoot an arrow. The arrow hits Pikel.
Pikel is heavily wounded.
Pikel hits you with a +2 whip of freezing!
* * * LOW HITPOINT WARNING * * *
A demonic guardian appears!
Pikel freezes you.
* * * LOW HITPOINT WARNING * * *
Pikel barely misses you.
Unknown command.
You fade into invisibility!
Pikel hits you with a +2 whip of freezing.
You die...

#.#.##
#..#.##
##.###.##
#.## ##.#
##.###..#
#..#.#.#
#5#.##.#
#.####.#
#@# #.#
#K# #.#
#5# #.#
#5# ..
#5# ...
... ...


You could see Pikel (unable to see you, weak-willed, ally target), 3 lemures and
a friendly shadow imp (summoned).

Vanquished Creatures
  An ogre (D:4)
  A lemure (D:4)
  A phantom (D:3)
  3 gnolls
  3 adders
  2 dart slugs
  An orc (D:3)
  10 ball pythons
  11 endoplasms
  3 giant cockroaches
  5 goblins
  7 hobgoblins
  5 kobolds
  A quokka (D:1)
  7 bats
  4 frilled lizards
  6 rats
71 creatures vanquished.

Vanquished Creatures (collateral kills)
  An adder (D:3)
  A hobgoblin (D:1)
2 creatures vanquished.

Grand Total: 73 creatures vanquished

Notes
Turn   | Place    | Note
-------+----------+-------------------------------------------
     0 | D:1      | BlueGoblin the Demonspawn Hunter began the quest for the
                  | Orb.
     0 | D:1      | Reached XP level 1. HP: 16/16 MP: 1/1
    27 | D:1      | You fall into a shaft and drop 1 floor!
    48 | D:2      | Identified the +8 mace of Dafasch {holy, Int+4 Dex+2}
   135 | D:2      | Gained mutation: You have large cloven feet. [demonic
                  | ancestry]
   135 | D:2      | Reached XP level 2. HP: 21/22 MP: 2/2
   137 | D:2      | Reached skill level 4 in Ranged Weapons
   290 | D:1      | Gained mutation: A weak demonic guardian rushes to your
                  | aid. [demonic ancestry]
   290 | D:1      | Reached XP level 3. HP: 28/28 MP: 3/3
   969 | D:1      | Gained mutation: You have hoof-like feet. [demonic
                  | ancestry]
   969 | D:1      | Reached XP level 4. HP: 12/34 MP: 4/4
  1465 | D:3      | Found a faded altar of an unknown god.
  1686 | D:3      | Reached skill level 5 in Ranged Weapons
  1748 | D:3      | Found a snail-covered altar of Cheibriados.
  1896 | D:3      | Noticed a phantom
  1905 | D:3      | Killed a phantom
  1906 | D:3      | Reached skill level 1 in Armour
  1906 | D:3      | Reached XP level 5. HP: 32/41 MP: 5/5
  1952 | D:3      | Found Jiwnif's General Store.
  2233 | D:4      | Noticed an ogre
  2323 | D:4      | Killed an ogre
  2324 | D:4      | Gained mutation: Your movements are slightly less
                  | encumbered by armour. (ER -2) [demonic ancestry]
  2324 | D:4      | Reached XP level 6. HP: 16/47 MP: 6/6
  2484 | D:4      | Found a stormy altar of Qazlal.
  2490 | D:4      | Reached skill level 6 in Ranged Weapons
  2532 | D:4      | Noticed Pikel
  2546 | D:4      | Slain by Pikel

Illustrated notes

Levels and vault maps discovered:
D:1:      lemuel_arrival_broad_hall, layout_basic
D:2:      layout_rooms, serial_bayou_pond_e, st_stairs_11
D:3:      layout_basic, mainiacjoe_overflow_six_doors_small, serial_shops,
          nicolae_shop_window_shopping, nicolae_ecumenical_oubliette
D:4:      layout_loops_ring, pdpol_temple_overflow_zin_treasury_gozag_greed,
          kennysheep_mini_moat, gup_sewer_entry_spiral, serial_park_tiny_pond,
          lightli_corner_chamber, uniq_crazy_yiuf_cottage, uniq_eustachio,
          uniq_pikel

Skill      XL: |  1  2  3  4  5  6 |
---------------+-------------------+-----
Ranged Weapons | 4 5 6 |  6.0
Dodging        | 2 |  2.1
Fighting       | 3 |  3.2
Armour         | 1 |  1.2
Stealth        | |  0.8

Action                   |  1- 3 |  4- 6 || total
-------------------------+-------+-------++-------
Melee: Dagger            |     7 |       ||     7
       Kick              |     2 |       ||     2
 Fire: Shortbow          |    90 |   106 ||   196
  Use: Scroll            |     3 |     5 ||     8
       Potion            |     2 |     1 ||     3
Armor: Leather armour    |    35 |    15 ||    50
Dodge: Dodged            |    67 |    28 ||    95

Table legend: (Time is in decaauts)
 A = Elapsed time spent in this place.
 B = Non-inter-level travel time spent in this place.
 C = Inter-level travel time spent in this place.
 D = Time resting spent in this place.
 E = Time spent auto-exploring this place.
 F = Levels seen in this place.
 G = Mean time per level.
                   A        B        C        D        E       F      G
               +--------+--------+--------+--------+--------+-----+--------+
         Total |   2612 |   2224 |    388 |    279 |   1469 |   4 |  653.0 |
       Dungeon |   2612 |   2224 |    388 |    279 |   1469 |   4 |  653.0 |
               +--------+--------+--------+--------+--------+-----+--------+

Top non-repeatable levels by time:
     D:1: 974 daAuts
     D:3: 818 daAuts
     D:2: 580 daAuts
     D:4: 238 daAuts
